 Dungeon Crawl Stone Soup version 0.23.2-40-g277498a001 (webtiles) character file.

Game seed: 18237225642714976532

938 Gildeon the Slasher (level 7, -3/60 HPs)
             Began as a Demonspawn Abyssal Knight on Oct 12, 2019.
             Was a Priest of Lugonu.
             Slain by a mummy (13 damage)
             ... in an ossuary on Oct 13, 2019.
             The game lasted 00:17:11 (5619 turns).

Gildeon the Slasher (Demonspawn Abyssal Knight)     Turns: 5619, Time: 00:17:12

Health: -3/60      AC: 10    Str: 14    XL:     7   Next: 87%
Magic:  10/10      EV:  7    Int: 13    God:    Lugonu [***...]
Gold:   220        SH:  0    Dex: 13    Spells: 6/6 levels left

rFire    + . .     SeeInvis .   a - +2 falchion
rCold    . . .     Gourm    .   (no shield)
rNeg     . . .     Faith    .   l - +0 chain mail
rPois    .         Spirit   .   (helmet restricted)
rElec    .         Reflect  .   (no cloak)
rCorr    .         Harm     .   (no gloves)
MR       .....                  (no boots)
Stlth    ..........             (no amulet)
HPRegen  0.20/turn              (no ring)
MPRegen  0.12/turn              (no ring)

@: no status effects
A: antennae 2, claws 1, fire resistance 1, robust 1, shaggy fur 1, evolution 1,
no potion heal 1
a: Depart the Abyss, Bend Space, Banish, Renounce Religion


You were in an ossuary.
You worshipped Lugonu.
Lugonu was most pleased with you.
You were very hungry.

You visited 1 branch of the dungeon, and saw 5 of its levels.
You visited the Abyss 1 time.
You also visited: Ossuary.

You collected 220 gold pieces.

Inventory:

Hand Weapons
 a - a +2 falchion (weapon)
 b - a +0 flail
 o - a +0 long sword
Armour
 l - a +0 chain mail (worn)
Wands
 r - a wand of paralysis (6)
Scrolls
 e - a scroll of fear
 j - 3 scrolls of remove curse
 k - a scroll of amnesia {unknown}
Potions
 d - a potion of haste {unknown}
 f - 2 potions of brilliance
 g - 2 potions of degeneration {unknown}
 h - 3 potions of mutation
 i - 2 potions of magic {unknown}
 p - a potion of flight {unknown}
Comestibles
 c - 11 rations


   Skills:
 + Level 4.6 Fighting
 * Level 5.1 Long Blades
 + Level 3.7 Armour
 + Level 3.3 Dodging
 - Level 5.0 Invocations
 + Level 0.1 Evocations


You had 6 spell levels left.
You didn't know any spells.
Your spell library was empty.

Dungeon Overview and Level Annotations

Branches:
Dungeon (5/15)             Temple (0/1) D:5

Altars:
Fedhas
Ru


Innate Abilities, Weirdness & Mutations

You have a pair of antennae on your head.
You have sharp fingernails.
Your flesh is heat resistant. (rF+)
You are robust. (+10% HP)
You are covered in fur. (AC +1)
You evolve.
Potions are less effective at restoring your health.


Message History

The mummy is lightly damaged.
You hit the mummy.
The mummy is lightly damaged.
The mummy completely misses you.
You riposte.
You hit the mummy.
The mummy is moderately damaged.
You completely miss the mummy.
The mummy is moderately damaged.
The mummy hits you.
* * * LOW HITPOINT WARNING * * *
Unknown command.
You hit the mummy but do no damage.
The mummy is moderately damaged.
You completely miss the mummy.
The mummy is moderately damaged.
The mummy hits you.
* * * LOW HITPOINT WARNING * * *
You hit the mummy.
The mummy is heavily damaged.
The mummy hits you!
You die...

...................
..........∩......... .
..........∩......... ..
................... ...
................... ....
##...............##
.....##...............##
........................
......M@................
+##.........#####.......
$$#.....................
$$#...........∩.........
########################


You could see a mummy.

Vanquished Creatures
  A centaur (D:4)
  2 elf zombies (Ossuary)
  A scorpion (D:4)
  A water moccasin skeleton (D:4)
  2 crimson imps
  2 hounds (D:4)
  A centaur skeleton (D:4)
  Terence (D:3)
  Jessica (D:2)
  2 orc wizards
  3 worker ants
  2 big kobold zombies (Ossuary)
  2 mummies (Ossuary)
  2 gnolls (D:1)
  A howler monkey skeleton (D:5)
  8 adders
  A shadow imp (D:4)
  3 oozes
  3 worms
  2 dart slugs (D:2)
  3 leopard geckos
  8 orcs
  3 ball pythons
  5 giant cockroaches
  7 goblins
  7 hobgoblins
  15 jackals
  3 bats
  3 frilled lizards
  A gnoll zombie (Ossuary)
  A goblin zombie (Ossuary)
  A hobgoblin zombie (Ossuary)
  2 jackal zombies (Ossuary)
  9 kobolds
  2 kobold zombies (Ossuary)
  12 rats
  A rat zombie (Ossuary)
124 creatures vanquished.

Notes
Turn   | Place    | Note
-------+----------+-------------------------------------------
     0 | Abyss:1  | Gildeon the Demonspawn Abyssal Knight began the quest for
                  | the Orb.
     0 | Abyss:1  | Reached XP level 1. HP: 18/18 MP: 2/2
     0 | D:1      | Escaped the Abyss
    85 | D:1      | Reached skill level 1 in Dodging
    88 | D:1      | Gained mutation: You have a pair of small antennae on your
                  | head. [demonic ancestry]
    88 | D:1      | Reached XP level 2. HP: 3/24 MP: 3/3
    92 | D:1      | Reached * piety under Lugonu
   681 | D:1      | Gained mutation: Your flesh is heat resistant. (rF+)
                  | [demonic ancestry]
   681 | D:1      | Reached XP level 3. HP: 29/29 MP: 5/5
  1425 | D:2      | Gained mutation: You are covered in fur. (AC +1) [potion of
                  | mutation]
  1425 | D:2      | Gained mutation: You have a pair of antennae on your head.
                  | [potion of mutation]
  1425 | D:2      | Gained mutation: Potions are less effective at restoring
                  | your health. [potion of mutation]
  1425 | D:2      | Gained mutation: You evolve. [potion of mutation]
  1447 | D:2      | Noticed Jessica
  1459 | D:2      | Killed Jessica
  1459 | D:2      | Reached XP level 4. HP: 30/35 MP: 6/6
  2121 | D:2      | Mutation became permanent: You have a pair of small
                  | antennae on your head. [demonic ancestry]
  2121 | D:2      | Gained mutation: You have a pair of antennae on your head.
                  | [demonic ancestry]
  2121 | D:2      | Reached XP level 5. HP: 41/41 MP: 7/7
  2419 | D:3      | Noticed Terence
  2439 | D:3      | Killed Terence
  2541 | D:3      | Reached ** piety under Lugonu
  2758 | D:3      | Found a blossoming altar of Fedhas.
  2917 | D:3      | Found a sacrificial altar of Ru.
  2962 | D:3      | Found a faded altar of an unknown god.
  3483 | D:4      | Reached XP level 6. HP: 22/48 MP: 7/9
  3897 | D:4      | Gained mutation: You are robust. (+10% HP) [evolution]
  4189 | D:4      | Gained mutation: You have sharp fingernails. [demonic
                  | ancestry]
  4189 | D:4      | Reached XP level 7. HP: 59/59 MP: 10/10
  4203 | D:4      | Reached *** piety under Lugonu
  4894 | D:5      | Entered Level 5 of the Dungeon
  5011 | D:5      | Found a sand-covered staircase.
  5108 | Ossuary  | Entered an ossuary
  5148 | Ossuary  | Reached skill level 5 in Invocations
  5167 | Ossuary  | Reached skill level 5 in Long Blades
  5619 | Ossuary  | Slain by a mummy

Skill      XL: |  1  2  3  4  5  6  7 |
---------------+----------------------+-----
Dodging        | 1 2 3 |  3.3
Long Blades    | 2 3 4 5 |  5.1
Armour         | 2 3 |  3.7
Invocations    | 3 4 5 |  5.0
Fighting       | 4 |  4.6
Evocations     | |  0.1

Action                   |  1- 3 |  4- 6 |  7- 9 || total
-------------------------+-------+-------+-------++-------
Melee: Falchion          |   101 |   245 |   223 ||   569
Invok: Depart the Abyss  |     1 |       |       ||     1
  Use: Scroll            |     6 |     4 |     3 ||    13
       Potion            |     1 |       |     6 ||     7
  Eat: Chunk             |     2 |     9 |     4 ||    15
Armor: Scale mail        |    49 |       |       ||    49
       Leather armour    |     1 |       |       ||     1
       Chain mail        |     6 |   157 |   202 ||   365
Dodge: Dodged            |    50 |   106 |   151 ||   307
       Rpst.: Falchion   |    12 |    33 |    57 ||   102
